 Dungeon Crawl Stone Soup version 0.27.0-1-g7a089689b8 (webtiles) character file.

Game seed: 2470671274095585084

30 Gwenloh the Insei (level 3, 0/26 HPs)
             Began as a Merfolk Transmuter on Aug 16, 2021.
             Succumbed to an adder's poison
             ... on level 2 of the Dungeon.
             The game lasted 00:04:59 (1524 turns).

Gwenloh the Insei (Merfolk Transmuter)              Turns: 1524, Time: 00:05:00

Health: 0/26       AC:  3    Str: 10    XL:     3   Next: 18%
Magic:  5/6        EV: 12    Int: 13    God:
Gold:   75         SH:  0    Dex: 14    Spells: 0/6 levels left

rFire    . . .     SeeInvis .     - Unarmed
rCold    . . .     Faith    .   (no shield)
rNeg     . . .     Spirit   .   c - +0 leather armour
rPois    .         Reflect  .   (helmet currently unavailable)
rElec    .         Harm     .   (no cloak)
rCorr    .         Rampage  .   (no gloves)
Will     .....                  (boots currently unavailable)
Stlth    +.........             (no amulet)
HPRegen  0.08/turn              (no ring)
MPRegen  0.10/turn              (no ring)

@: lethally poisoned (0 -> -6), appendages (expiring)
A: horns 2, (nimble swimmer 2), mertail
a: End Transformation


You were on level 2 of the Dungeon.
You had temporarily grown beastly horns.
You visited 1 branch of the dungeon, and saw 2 of its levels.

You collected 75 gold pieces.

Inventory:

Missiles
 b - 25 stones (quivered)
Armour
 a - a +0 robe
 c - a +0 leather armour (worn)
 d - a +0 pair of boots (melded)
Scrolls
 e - a scroll of enchant weapon {unknown}
 f - a scroll of magic mapping {unknown}
 i - a scroll of noise {unknown}
Potions
 g - a potion of attraction {unknown}
 h - a potion of lignification {unknown}


   Skills:
 + Level 1.4 Fighting
 + Level 3.0 Dodging
 * Level 3.8 Unarmed Combat
 * Level 2.2 Spellcasting
 * Level 3.2 Transmutations
 + Level 0.1 Poison Magic


You couldn't memorise any spells.
You knew the following spells:

 Your Spells              Type           Power      Damage    Failure   Level
a - Beastly Appendage     Tmut           18%        N/A       9%          1
b - Wereblood             Tmut           9%         N/A       14%         2
c - Spider Form           Tmut/Pois      2%         N/A       45%         3

Your spell library contained the following spells:

 Spells                   Type           Power      Damage    Failure   Level
 Ice Form                 Ice/Tmut       5%         N/A       86%         4


Dungeon Overview and Level Annotations

Branches:
Dungeon (2/15)

Altars:


Innate Abilities, Weirdness & Mutations

You have temporarily grown beastly horns.
((You are quick and stealthy near water. (Stealth+, EV+, Speed+++)))
Your lower body shifts to a powerful aquatic tail in water.


Message History

The adder poisons you!
You hit the adder. You headbutt the adder.
The adder is moderately wounded.
Your transformation is almost over.
You feel sick. The adder bites you. x2
You barely miss the adder. Your punch misses the adder.
The adder is moderately wounded.
You feel sick. The adder bites you but does no damage.
You are too injured to fight recklessly!
You are too injured to fight recklessly!
You are too injured to fight recklessly!
You are too injured to fight recklessly!
You are too injured to fight recklessly!
You barely miss the adder.
The adder is moderately wounded.
You feel sick. The adder bites you but does no damage.
Your magical contamination has completely faded away.
You closely miss the adder.
The adder is moderately wounded.
You feel sick. The adder closely misses you.
You hit the adder.
The adder is heavily wounded.
You feel sick. The adder barely misses you.
You closely miss the adder. Your headbutt misses the adder.
The adder is heavily wounded.
You feel sick. The adder bites you. x2
* * * LOW HITPOINT WARNING * * *
You are lethally poisoned!
The adder poisons you!
You closely miss the adder.
The adder is heavily wounded.
* * * LOW HITPOINT WARNING * * *
You feel sick. The adder bites you but does no damage.
You hit the adder but do no damage.
The adder is heavily wounded.
* * * LOW HITPOINT WARNING * * *
You feel sick. The adder closely misses you.
You hit the adder.
You kill the adder!
You die...

## ######### . #.......#
#. #.......#
#(######.......#####
##.##>†................#
....=..@...<##########..
###.#.####### ###' #
#... #... #... #...
...####... ..........
..........


There were no monsters in sight!

Vanquished Creatures
  An adder (D:2)
  A dart slug (D:1)
  5 endoplasms
  A giant cockroach (D:1)
  A goblin (D:1)
  2 hobgoblins (D:1)
  3 jackals (D:1)
  2 kobolds (D:1)
  A quokka (D:1)
  4 ball pythons (D:1)
  A bat (D:1)
  3 rats
25 creatures vanquished.

Notes
Turn   | Place    | Note
-------+----------+-------------------------------------------
     0 | D:1      | Gwenloh the Merfolk Transmuter began the quest for the Orb.
     0 | D:1      | Reached XP level 1. HP: 15/15 MP: 3/3
   292 | D:1      | Reached XP level 2. HP: 20/21 MP: 1/5
   799 | D:1      | Learned a level 2 spell: Wereblood
  1058 | D:1      | Reached XP level 3. HP: 26/26 MP: 4/6
  1062 | D:1      | Learned a level 3 spell: Spider Form
  1441 | D:2      | Found a faded altar of an unknown god.
  1523 | D:2      | HP: 1/26 [poisoned by an adder]
  1524 | D:2      | Succumbed to an adder's poison

Illustrated notes

Levels and vault maps discovered:
D:1:      eino_arrival_cavern_c, layout_loops_ring, minmay_pentomino_v2
D:2:      layout_basic, basic_ecumenical_altar

Skill      XL: |  1  2  3 |
---------------+----------+-----
Transmutations | 3 |  3.2
Dodging        | 3 |  3.0
Fighting       | |  1.4
Unarmed Combat | |  3.8
Spellcasting   | |  2.2
Poison Magic   | |  0.1

Action                   || total
-------------------------++-------
Melee: Unarmed           ||    78
       Headbutt          ||    13
       Punch             ||     3
Throw: Stone             ||    23
 Cast: Beastly Appendage ||    21
 Stab: Sleeping          ||     1
Armor: Leather armour    ||    23
Dodge: Dodged            ||    48
